| TOP OF THE 1ST |
|
Palm Beach Nationals batting - Pitching for Victoria Capitals : LHP Jon Lyda
|
|
Pitching: LHP Jon Lyda
|
|
|
Batting: RHB Lou Ortman
|
0-0: Ball 1-0: Called Strike 1-1: Swinging Strike 1-2: Strikes out looking
|
|
Batting: SHB Tim Schulz
|
0-0: Called Strike 0-1: Ground out 6-3 (Groundball, 6, EV 84.4 MPH)
|
|
Batting: LHB Dusty Jones
|
0-0: Called Strike 0-1: Ball 1-1: Swinging Strike 1-2: Foul Ball, location: 2F 1-2: Strikes out swinging
|
| Top of the 1st over - 0 runs, 0 hits, 0 errors, 0 left on base; Palm Beach 0 - Victoria 0 |
| BOTTOM OF THE 1ST |
|
Victoria Capitals batting - Pitching for Palm Beach Nationals : LHP Mark Ellis
|
|
Pitching: LHP Mark Ellis
|
|
|
Batting: RHB Mike Reynolds
|
0-0: Called Strike 0-1: Swinging Strike 0-2: Foul Ball, location: 2F 0-2: Ball 1-2: Foul Ball, location: 2F 1-2: Strikes out swinging
|
|
Batting: RHB Antonio Arechiga
|
0-0: SINGLE (Line Drive, 3D, EV 108.8 MPH)
|
|
Batting: RHB Nick Ellis
|
0-0: Ball 1-0: Foul Ball, location: 2F 1-1: Foul Ball, location: 2F 1-2: Fielders Choice at 2nd, 6-4 (Groundball, 6, EV 97.5 MPH)
|
|
Batting: RHB Hyeon-cheong Lee
|
0-0: Ball 1-0: Ball 2-0: Swinging Strike 2-1: Ball 3-1: Called Strike 3-2: Fly out, F4 (Popup, 4MD, EV 67.5 MPH)
|
| Bottom of the 1st over - 0 runs, 1 hit, 0 errors, 1 left on base; Palm Beach 0 - Victoria 0 |
| TOP OF THE 2ND |
|
Palm Beach Nationals batting - Pitching for Victoria Capitals : LHP Jon Lyda
|
|
Batting: LHB Ken Westfall
|
0-0: Ball 1-0: Swinging Strike 1-1: Ground out U3 (Groundball, 3L, EV 88.1 MPH)
|
|
Batting: RHB Ben Lowe
|
0-0: Ball 1-0: Called Strike 1-1: Swinging Strike 1-2: Foul Ball, location: 2F 1-2: Strikes out swinging
|
|
Batting: RHB Larry Myers
|
0-0: Ball 1-0: Swinging Strike 1-1: Swinging Strike 1-2: Strikes out swinging
|
| Top of the 2nd over - 0 runs, 0 hits, 0 errors, 0 left on base; Palm Beach 0 - Victoria 0 |
| BOTTOM OF THE 2ND |
|
Victoria Capitals batting - Pitching for Palm Beach Nationals : LHP Mark Ellis
|
|
Batting: SHB Rich Roberts
|
0-0: Swinging Strike 0-1: Called Strike 0-2: Strikes out swinging
|
|
Batting: LHB Willard Balcome
|
0-0: Ball 1-0: Called Strike 1-1: SINGLE (Line Drive, 5D, EV 97.5 MPH)
|
|
Batting: RHB Ray Wathey
|
0-0: Ball 1-0: Foul Ball, location: 2F 1-1: Foul Ball, location: 2F 1-2: Ball 2-2: Strikes out swinging
|
|
Batting: LHB Mike Jones
|
0-0: Called Strike 0-1: Called Strike 0-2: Foul Ball, location: 2F 0-2: Ball 1-2: Foul Ball, location: 2F 1-2: Foul Ball, location: 2F 1-2: SINGLE (Groundball, 34S, EV 70.0 MPH) (infield hit) Willard Balcome to second
|
|
Batting: RHB Kyung-hwan Lee
|
0-0: Ball 1-0: Ground out U3 (Groundball, 34, EV 103.1 MPH)
|
| Bottom of the 2nd over - 0 runs, 2 hits, 0 errors, 2 left on base; Palm Beach 0 - Victoria 0 |
| TOP OF THE 3RD |
|
Palm Beach Nationals batting - Pitching for Victoria Capitals : LHP Jon Lyda
|
|
Batting: LHB Emery Helm
|
0-0: Ground out 4-3 (Groundball, 4S, EV 68.1 MPH)
|
|
Batting: RHB Abdul-Ra'uf bin Maimun
|
0-0: Swinging Strike 0-1: Swinging Strike 0-2: Ball 1-2: Ball 2-2: Strikes out swinging
|
|
Batting: RHB Vince Parris
|
0-0: Foul Ball, location: 2F 0-1: Ball 1-1: Ground out 6-3 (Groundball, 6, EV 92.5 MPH)
|
| Top of the 3rd over - 0 runs, 0 hits, 0 errors, 0 left on base; Palm Beach 0 - Victoria 0 |
| BOTTOM OF THE 3RD |
|
Victoria Capitals batting - Pitching for Palm Beach Nationals : LHP Mark Ellis
|
|
Batting: RHB Mike Reynolds
|
0-0: Ball 1-0: Ball 2-0: Ground out 5-3 (Groundball, 56, EV 103.1 MPH)
|
|
Batting: RHB Antonio Arechiga
|
0-0: Reached on error, E6 (Groundball, 6, EV 100.0 MPH)
|
|
Batting: RHB Nick Ellis
|
0-0: Called Strike 0-1: Ball 1-1: Swinging Strike 1-2: Foul Ball, location: 2F 1-2: Ball 2-2: Foul Ball, location: 2F 2-2: Ball Passed Ball! Antonio Arechiga to second 3-2: Foul Ball, location: 2F 3-2: Base on Balls
|
|
Batting: RHB Hyeon-cheong Lee
|
0-0: Foul Ball, location: 2F 0-1: Ball 1-1: Ball 2-1: Foul Ball, location: 2F 2-2: Strikes out swinging
|
|
Batting: SHB Rich Roberts
|
0-0: Foul Ball, location: 2F 0-1: Foul Ball, location: 2F 0-2: SINGLE (Groundball, 4MD, EV 110.0 MPH) Antonio Arechiga to third Nick Ellis to second Runner from 3rd tries for Home, SAFE, throw by CF to home
|
|
Batting: LHB Willard Balcome
|
0-0: Ball 1-0: Ball 2-0: Ball 3-0: Called Strike 3-1: Called Strike 3-2: Foul Ball, location: 2F 3-2: Base on Balls Nick Ellis to third Rich Roberts to second
|
|
Batting: RHB Ray Wathey
|
0-0: Called Strike 0-1: Swinging Strike 0-2: Ball 1-2: Ball 2-2: Foul Ball, location: 2F 2-2: Ball 3-2: Foul Ball, location: 2F 3-2: Strikes out swinging
|
| Bottom of the 3rd over - 1 run, 1 hit, 1 error, 3 left on base; Palm Beach 0 - Victoria 1 |
| TOP OF THE 4TH |
|
Palm Beach Nationals batting - Pitching for Victoria Capitals : LHP Jon Lyda
|
|
Batting: RHB Lou Ortman
|
0-0: Ball 1-0: Called Strike 1-1: Ball 2-1: Foul Ball, location: 2F 2-2: Foul Ball, location: 2F 2-2: Foul Ball, location: 2F 2-2: Ball 3-2: Strikes out swinging
|
|
Batting: SHB Tim Schulz
|
0-0: Called Strike 0-1: Ball 1-1: SOLO HOME RUN (Flyball, 78XD, EV 104.4 MPH), Distance : 390 ft
|
|
Batting: LHB Dusty Jones
|
0-0: Ball 1-0: Fly out, F7 (Flyball, 78S, EV 81.9 MPH)
|
|
Batting: LHB Ken Westfall
|
0-0: Called Strike 0-1: Ball 1-1: Ground out 4-3 (Groundball, 4S, EV 83.1 MPH)
|
| Top of the 4th over - 1 run, 1 hit, 0 errors, 0 left on base; Palm Beach 1 - Victoria 1 |
| BOTTOM OF THE 4TH |
|
Victoria Capitals batting - Pitching for Palm Beach Nationals : LHP Mark Ellis
|
|
Batting: LHB Mike Jones
|
0-0: Ball 1-0: Foul Ball, location: 2F 1-1: Swinging Strike 1-2: Foul Ball, location: 2F 1-2: Ball 2-2: Foul Ball, location: 2F 2-2: Ground out 4-3 (Groundball, 4S, EV 83.1 MPH)
|
|
Batting: RHB Kyung-hwan Lee
|
0-0: Called Strike 0-1: Called Strike 0-2: Foul Ball, location: 2F 0-2: Strikes out swinging
|
|
Batting: RHB Mike Reynolds
|
0-0: Ball 1-0: Swinging Strike 1-1: Called Strike 1-2: Foul Ball, location: 2F 1-2: Strikes out swinging
|
| Bottom of the 4th over - 0 runs, 0 hits, 0 errors, 0 left on base; Palm Beach 1 - Victoria 1 |
| TOP OF THE 5TH |
|
Palm Beach Nationals batting - Pitching for Victoria Capitals : LHP Jon Lyda
|
|
Batting: RHB Ben Lowe
|
0-0: Called Strike 0-1: Ground out 6-3 (Groundball, 56, EV 96.2 MPH)
|
|
Batting: RHB Larry Myers
|
0-0: Ball 1-0: Ball 2-0: Ground out 5-3 (Groundball, 5S, EV 87.5 MPH)
|
|
Batting: LHB Emery Helm
|
0-0: Ball 1-0: Swinging Strike 1-1: Swinging Strike 1-2: Ball 2-2: Fly out, F6 (Line Drive, 6M, EV 60.0 MPH)
|
| Top of the 5th over - 0 runs, 0 hits, 0 errors, 0 left on base; Palm Beach 1 - Victoria 1 |
| BOTTOM OF THE 5TH |
|
Victoria Capitals batting - Pitching for Palm Beach Nationals : LHP Mark Ellis
|
|
Batting: RHB Antonio Arechiga
|
0-0: Called Strike 0-1: Ball 1-1: Fly out, F8 (Flyball, 8LD, EV 100.0 MPH)
|
|
Batting: RHB Nick Ellis
|
0-0: Ball 1-0: Ball 2-0: Ball 3-0: Base on Balls
|
|
Batting: RHB Hyeon-cheong Lee
|
0-0: DOUBLE (Line Drive, 78M, EV 108.1 MPH) Nick Ellis to third Runner from 3rd tries for Home, SAFE, throw by LF to trailing runner, SAFE at third!
|
|
Batting: SHB Rich Roberts
|
0-0: Ball 1-0: Foul Ball, location: 2F 1-1: Ground out U3 (Groundball, 3L, EV 90.0 MPH)
|
|
Batting: LHB Willard Balcome
|
0-0: Foul Ball, location: 2F 0-1: Ball 1-1: Ball 2-1: Ball 3-1: Called Strike 3-2: Strikes out swinging
|
| Bottom of the 5th over - 1 run, 1 hit, 0 errors, 1 left on base; Palm Beach 1 - Victoria 2 |
| TOP OF THE 6TH |
|
Palm Beach Nationals batting - Pitching for Victoria Capitals : LHP Jon Lyda
|
|
Batting: RHB Abdul-Ra'uf bin Maimun
|
0-0: Called Strike 0-1: Ball 1-1: Ball 2-1: Foul Ball, location: 2F 2-2: Strikes out swinging
|
|
Batting: RHB Vince Parris
|
0-0: Ball 1-0: SOLO HOME RUN (Flyball, 78XD, EV 110.6 MPH), Distance : 443 ft
|
|
Batting: RHB Lou Ortman
|
0-0: Ball 1-0: Ball 2-0: Called Strike 2-1: Ball 3-1: Swinging Strike 3-2: Base on Balls
|
|
Pitching: RHP Kevin Stodart
|
|
|
Batting: SHB Tim Schulz
|
0-0: Swinging Strike 0-1: Fly out, F8 (Flyball, 8RD, EV 105.0 MPH)
|
|
Batting: LHB Dusty Jones
|
0-0: Called Strike Lou Ortman is caught stealing 2nd base 2-6
|
| Top of the 6th over - 1 run, 1 hit, 0 errors, 0 left on base; Palm Beach 2 - Victoria 2 |
| BOTTOM OF THE 6TH |
|
Victoria Capitals batting - Pitching for Palm Beach Nationals : LHP Mark Ellis
|
|
Batting: RHB Ray Wathey
|
0-0: Called Strike 0-1: Ball 1-1: Ball 2-1: Ball 3-1: Foul Ball, location: 2F 3-2: Ground out 6-3 (Groundball, 6MD, EV 90.0 MPH)
|
|
Pitching: RHP Coltyn Forte
|
|
|
Batting: LHB Mike Jones
|
0-0: Ground out U3 (Groundball, 3, EV 105.0 MPH)
|
|
Batting: RHB Kyung-hwan Lee
|
0-0: Swinging Strike 0-1: SINGLE (Line Drive, 9LS, EV 94.4 MPH)
|
|
Batting: RHB Mike Reynolds
|
0-0: Swinging Strike 0-1: 2-RUN HOME RUN (Flyball, 78XD, EV 100.6 MPH), Distance : 407 ft
|
|
Batting: RHB Antonio Arechiga
|
0-0: Swinging Strike 0-1: Ball 1-1: Ball 2-1: Swinging Strike 2-2: Ball 3-2: Fly out, F8 (Flyball, 8LD, EV 77.5 MPH)
|
| Bottom of the 6th over - 2 runs, 2 hits, 0 errors, 0 left on base; Palm Beach 2 - Victoria 4 |
| TOP OF THE 7TH |
|
Palm Beach Nationals batting - Pitching for Victoria Capitals : RHP Kevin Stodart
|
|
Pitching: RHP Joey Mallandaine
|
|
|
Batting: LHB Dusty Jones
|
0-0: Ball 1-0: Called Strike 1-1: Ball 2-1: Swinging Strike 2-2: Fly out, F8 (Line Drive, 78M, EV 103.1 MPH)
|
|
Batting: LHB Ken Westfall
|
0-0: Ball 1-0: Ball 2-0: Foul Ball, location: 2F 2-1: Ball 3-1: Ground out 6-3 (Groundball, 6M, EV 84.4 MPH)
|
|
Batting: RHB Ben Lowe
|
0-0: Ball 1-0: Swinging Strike 1-1: Fly out, F7 (Flyball, 7LM, EV 89.4 MPH)
|
| Top of the 7th over - 0 runs, 0 hits, 0 errors, 0 left on base; Palm Beach 2 - Victoria 4 |
| BOTTOM OF THE 7TH |
|
Victoria Capitals batting - Pitching for Palm Beach Nationals : RHP Coltyn Forte
|
|
Batting: RHB Nick Ellis
|
0-0: Called Strike 0-1: Swinging Strike 0-2: Ball 1-2: Foul Ball, location: 2F 1-2: Foul Ball, location: 2F 1-2: Ball 2-2: Ball 3-2: Fly out, F7 (Line Drive, 7, EV 105.0 MPH)
|
|
Batting: RHB Hyeon-cheong Lee
|
0-0: Ball 1-0: Called Strike 1-1: Fly out, F7 (Flyball, 78S, EV 88.8 MPH)
|
|
Batting: SHB Rich Roberts
|
0-0: Fly out, F6 (Popup, 4MS, EV 75.6 MPH)
|
| Bottom of the 7th over - 0 runs, 0 hits, 0 errors, 0 left on base; Palm Beach 2 - Victoria 4 |
| TOP OF THE 8TH |
|
Palm Beach Nationals batting - Pitching for Victoria Capitals : RHP Joey Mallandaine
|
|
Batting: RHB Greg Bennett
|
0-0: Called Strike 0-1: Swinging Strike 0-2: Ball 1-2: DOUBLE (Flyball, 7D, EV 100.0 MPH)
|
|
Batting: LHB Emery Helm
|
0-0: Called Strike 0-1: Ball 1-1: 2-RUN HOME RUN (Flyball, 9D, EV 100.0 MPH), Distance : 377 ft
|
|
Batting: RHB Abdul-Ra'uf bin Maimun
|
0-0: Swinging Strike 0-1: Swinging Strike 0-2: Ball 1-2: Strikes out looking
|
|
Batting: RHB Vince Parris
|
0-0: Foul Ball, location: 2F 0-1: Foul Ball, location: 2F 0-2: Foul Ball, location: 2F 0-2: Strikes out swinging
|
|
Batting: RHB Lou Ortman
|
0-0: Ball 1-0: Ground out 5-3 (Groundball, 56, EV 101.2 MPH)
|
| Top of the 8th over - 2 runs, 2 hits, 0 errors, 0 left on base; Palm Beach 4 - Victoria 4 |
| BOTTOM OF THE 8TH |
|
Victoria Capitals batting - Pitching for Palm Beach Nationals : RHP Coltyn Forte
|
|
Batting: LHB Willard Balcome
|
0-0: Foul Ball, location: 2F 0-1: Hit by Pitch
|
|
Pinch Hitting: LHB Adam Lupfer
|
0-0: Sac Bunt to 2R - play at second, runner OUT! 2-6
|
|
Pinch Hitting: LHB Jason Cary
|
0-0: Foul Ball, location: 2F 0-1: Fly out, F9 (Flyball, 89M, EV 84.4 MPH)
|
|
Pinch Hitting: RHB Roberto Medina
|
0-0: Called Strike 0-1: Ball 1-1: Ball 2-1: Ball 3-1: Base on Balls Adam Lupfer to second
|
|
Pinch Hitting: LHB Yen-ti Zhu
|
0-0: Foul Ball, location: 2F 0-1: Called Strike 0-2: Foul Ball, location: 2F 0-2: Ball 1-2: Strikes out swinging
|
| Bottom of the 8th over - 0 runs, 0 hits, 0 errors, 2 left on base; Palm Beach 4 - Victoria 4 |
| TOP OF THE 9TH |
|
Palm Beach Nationals batting - Pitching for Victoria Capitals : RHP Joey Mallandaine
|
|
Now at C: Rowan Prince
|
|
|
Now at 3B: Yen-ti Zhu
|
|
|
Now at SS: Kevin Harris
|
|
|
Now in LF: Jason Cary
|
|
|
Batting: SHB Tim Schulz
|
0-0: Swinging Strike 0-1: Foul Ball, location: 2F 0-2: Ball 1-2: Ball 2-2: Strikes out looking
|
|
Batting: LHB Dusty Jones
|
0-0: Ball 1-0: Ball 2-0: Fly out, F3 (Popup, 3D, EV 70.0 MPH)
|
|
Batting: LHB Ken Westfall
|
0-0: Ball 1-0: Ball 2-0: Fly out, F7 (Line Drive, 7LS, EV 93.8 MPH)
|
| Top of the 9th over - 0 runs, 0 hits, 0 errors, 0 left on base; Palm Beach 4 - Victoria 4 |
| BOTTOM OF THE 9TH |
|
Victoria Capitals batting - Pitching for Palm Beach Nationals : RHP Coltyn Forte
|
|
Pinch Hitting: LHB Rick Harrison
|
0-0: Called Strike 0-1: SINGLE (Groundball, 4D, EV 96.2 MPH)
|
|
Batting: RHB Nick Ellis
|
0-0: Reached on error, E6 (Groundball, 56D, EV 100.0 MPH) Rick Harrison to third
|
|
Batting: RHB Hyeon-cheong Lee
|
0-0: Intentional Walk
|
|
Pinch Hitting: RHB Jeremy Marin
|
0-0: Swinging Strike 0-1: Foul Ball, location: 2F 0-2: Strikes out swinging
|
|
Batting: LHB Willard Balcome
|
0-0: Ball 1-0: Fly out, F8 (Flyball, 8RD, EV 94.4 MPH) Runner from 3rd tags up, SCORES, throw by CF
|
| Bottom of the 9th over - 1 run, 1 hit, 1 error, 2 left on base; Palm Beach 4 - Victoria 5 |
|